Cogmind - Beta 16 @@@ ROGUE MODE // 2026.01.29 @ 20:09:45 Player: AngelSpirit Result: Destroyed by X-77 Beamer with Gatling Laser Performance ------------- Evolutions (6) 3000 Regions Visited (21) 4200 Robots Destroyed (498) 2490 Value Destroyed (19840) 19840 Prototype IDs (47) 940 Alien Tech Used (0) 0 Bonus (5310) 5310 TOTAL SCORE: 35780 Bonus ------- High Alert Combat Kills 4844 Follower Combat Kills 3374 Entered Garrisons 200 Used RIF Installer 500 Network Hubs Disabled 200 Built Enhanced Grunts 300 A7 Reached Mainframe 300 Met R17 at Cetus 500 Friendly Fire -4908 Cogmind --------- Core Integrity 0/1150 Matter 259/300 Energy 39/100 System Corruption 5% Temperature Cool (12) Movement Core (50) Location -4/Armory Parts ------- > --- POWER (2) -------- (None) > --- PROPULSION (5) --- (None) > --- UTILITY (8) ------ Advanced Signal Interpreter > --- WEAPON (4) ------- (None) > --- INVENTORY (5) ---- Antigrav System Combat Linear Gravjet Combat Linear Gravjet Matter Compressor (250) Experimental Hacking Suite Peak State ------------ > --- POWER ------------ Antimatter-Fission Reactor > --- PROPULSION ------- Myomer-FC Exoskeleton > --- UTILITY ---------- Armored Scrap Engine Advanced Heat Sink High-capacity Storage Unit Advanced Signal Interpreter Core Analyzer Centrium Medium Armor Plating Experimental Hacking Suite > --- WEAPON ----------- Micro-nuke Launcher Hvy. Kinetic Coil Construct/C > --- INVENTORY -------- Light Quantum Reactor Heavy Shield Leg Antigrav Array Combat Linear Gravjet Huge Storage Unit Matter Compressor Advanced Sensor Array Advanced Reaction Control System Centrium Medium Armor Plating Graphene Brace Experimental Thermal Shield Advanced Hacking Suite Experimental Hacking Suite Relay Coupler [NC] Relay Coupler [Sentry] Advanced System Restoration Module Enhanced Nova Cannon [Rating: 131] Favorites ----------- Power Constructs Engine Improved Ion Engine Power Core Light Nuclear Core Reactor Constructs Propulsion Wheel Treads Enhanced Armored Medium Treads Leg Constructs Wheel Wheel Hover Unit Aerolev Unit Flight Unit Improved Flight Unit Utility Huge Storage Unit Device Armored Scrap Engine Storage Huge Storage Unit Processor Advanced Signal Interpreter Hackware Experimental Hacking Suite Protection Improved Light Armor Plating Weapon Constructs Energy Gun Heavy EM Shotgun Energy Cannon Ion Cannon Ballistic Gun High-powered Shotgun Ballistic Cannon Constructs Launcher Advanced EMP Blaster Special Weapon Improved Remote Datajack Impact Weapon Powered Hammer Slashing Weapon Plasma Sword Special Melee Weapon Improved Datajack Build | -11 -10 -10 -9 -9 -8 -8 -8 -7 -7 -7 -7 -7 -5 -5 -5 -5 -5 -4 -4 -4 -4 ------- Run | Yrd Mat Min Mat Min Mat Gar Mat Fac Was Fac Sto Rec Fac Ext Cet Arc Hub Fac Was Fac Arm Slots Evolved 12 | . . . 2 . 2 . . 2 . . . . 4 . . . . 2 . . . Power 1 | . . . . . . . . . . . . . 1 . . . . . . . . Propulsion 3 | . . . . . 1 . . 2 . . . . . . . . . . . . . Utility 6 | . . . 1 . 1 . . . . . . . 2 . . . . 2 . . . Weapon 2 | . . . 1 . . . . . . . . . 1 . . . . . . . . Parts Attached 245 | 7 3 4 32 1 16 12 27 21 6 8 15 11 18 7 9 5 3 3 2 19 16 Power 16 | 1 . 1 2 . 2 . 3 2 1 2 1 . 1 . . . . . . . . Engine 12 | 1 . 1 2 . 2 . 2 1 . 2 1 . . . . . . . . . . Core 3 | . . . . . . . 1 1 . . . . 1 . . . . . . . . Reactor 1 | . . . . . . . . . 1 . . . . . . . . . . . . Propulsion 41 | 2 . 1 5 . 3 2 9 6 . 3 3 2 . . . . . . . 1 4 Treads 1 | . . . . . . . . 1 . . . . . . . . . . . . . Leg 5 | . . . . . . . . . . . . . . . . . . . . 1 4 Wheel 29 | 2 . 1 4 . 3 2 7 4 . 3 1 2 . . . . . . . . . Hover 2 | . . . . . . . 1 . . . 1 . . . . . . . . . . Flight 4 | . . . 1 . . . 1 1 . . 1 . . . . . . . . . . Utility 107 | 2 1 2 9 1 3 6 8 5 2 . 4 6 11 5 9 3 3 3 2 15 7 Device 47 | 1 . . 2 . 1 1 2 1 . . 2 3 7 2 5 3 1 . . 10 6 Storage 6 | 1 1 1 . . 1 . . . . . . 1 1 . . . . . . . . Processor 11 | . . . . . . . 1 1 . . . 1 2 1 . . . 1 1 3 . Hackware 8 | . . . . . . . . 1 1 . 1 . 1 1 . . 1 1 . 1 . Protection 35 | . . 1 7 1 1 5 5 2 1 . 1 1 . 1 4 . 1 1 1 1 1 Artifact . | . . . . . . . . . . . . . . . . . . . . . . Weapon 81 | 2 2 . 16 . 8 4 7 8 3 3 7 3 6 2 . 2 . . . 3 5 Energy Gun 25 | . . . 10 . 4 . 3 . . 1 4 . 1 . . 1 . . . . 1 Energy Cannon 5 | . . . . . 1 . . 1 . 1 . . 2 . . . . . . . . Ballistic Gun 14 | 2 . . 4 . . 3 1 . 1 . 2 1 . . . . . . . . . Ballistic Cannon 11 | . 2 . . . 2 . 2 1 2 . . . 1 . . . . . . 1 . Launcher 8 | . . . 2 . 1 . . 1 . 1 1 . 1 . . . . . . 1 . Special Weapon 3 | . . . . . . . . . . . . 1 . . . . . . . 1 1 Impact Weapon 6 | . . . . . . 1 . 3 . . . . 1 1 . . . . . . . Slashing Weapon 5 | . . . . . . . . 1 . . . . . 1 . . . . . . 3 Piercing Weapon . | . . . . . . . . . . . . . . . . . . . . . . Special Melee Weapon 4 | . . . . . . . 1 1 . . . 1 . . . 1 . . . . . Unidentified Prototypes 32 | . . . 3 . 3 . 3 4 . 3 9 1 1 . 2 . . 1 . 2 . Corrupted Parts 2 | . . . . . . . . 1 . . . . . . . . . . . 1 . System Corruption 11 | . . . . . . . . 6 . . . . . . . . . . . 5 . Parts Lost 104 | . 1 2 8 7 . 1 14 5 1 1 2 7 12 1 . . 5 . . 5 32 Power 12 | . . 1 . 1 . . 2 . . . . 1 1 . . . 1 . . 1 4 Propulsion 22 | . . 1 1 1 . . 4 2 1 . . 3 1 . . . . . . . 8 Utility 37 | . 1 . 3 2 . . 5 1 . . 1 1 4 1 . . 2 . . 3 13 Weapon 33 | . . . 4 3 . 1 3 2 . 1 1 2 6 . . . 2 . . 1 7 Highest Loss Streak 21 | . 1 2 3 7 . 1 9 5 1 1 1 4 3 1 . . 3 . . 1 21 To Critical Strikes . | . . . . . . . . . . . . . . . . . . . . . . Average Backups 18 | . 10 13 18 17 21 23 20 21 22 22 22 20 12 14 19 21 18 16 16 19 14 Power . | . . . . 1 . 1 . . . . . . . . . . 1 . . 1 . Propulsion 5 | . 3 3 5 7 13 13 11 8 8 8 7 6 . . . 1 1 1 1 2 1 Utility 8 | . 4 6 6 5 4 6 5 7 6 6 5 7 7 10 11 13 14 11 11 12 9 Weapon 4 | . 2 3 6 4 2 3 3 4 8 8 8 6 3 2 7 5 1 1 1 2 1 Tool/Special . | . . . . . . . . . . . . . . . . . . . . . . Unused Backups 86 | . 5 . 5 . 2 9 8 10 . . . 8 3 2 6 7 . 1 1 5 14 Power 3 | . . . . . . . 1 . . . . . . . . . . 1 . . 1 Propulsion 30 | . . . 1 . 1 5 6 5 . . . 6 . . . . . . . 1 5 Utility 23 | . . . 3 . 1 4 . 3 . . . . . . 1 1 . . 1 3 6 Weapon 28 | . 5 . 1 . . . 1 1 . . . 2 3 2 5 6 . . . 1 1 Tool/Special 2 | . . . . . . . . 1 . . . . . . . . . . . . 1 Average Slot Usage (%) 71 | . 94 96 98 66 97 99 89 83 87 82 83 62 43 53 51 46 50 43 37 50 55 Engine 4 | . 14 14 11 5 8 9 6 3 . . 1 3 . . . . . . 4 1 . Core 1 | . . . . . . . 1 3 6 . . . 3 5 . . . . . 2 4 Reactor 1 | . . . . . . . . . . 6 5 . . . 3 5 5 5 . . . Wheel 13 | . 28 28 21 16 26 27 23 23 25 23 23 10 . . . . . . . . . Device 8 | . 8 . 5 2 17 10 4 6 . 6 6 3 10 9 12 17 12 7 5 11 11 Storage 7 | . 14 14 11 11 9 9 9 7 7 7 7 7 5 5 5 5 5 5 5 5 4 Processor 3 | . . . . . . . 1 6 7 7 2 7 5 5 2 . . . 4 8 9 Hackware 2 | . . . . . . . . . 6 7 7 3 . 4 . . 3 9 2 4 2 Protection 6 | . . 11 16 8 7 16 16 7 7 . 4 2 . . 6 3 4 5 5 2 3 Energy Gun 4 | . . . 16 5 18 18 6 . . . 11 5 . . . . . . . . . Energy Cannon 1 | . . . . . . . . . 3 1 . . 3 3 2 1 . . 3 2 . Ballistic Gun 3 | . 10 . 8 13 . 7 11 6 . . . 3 . . . . . . . . . Ballistic Cannon 5 | . 17 28 6 . 7 . 6 9 6 15 8 . . . 2 3 5 5 1 2 4 Peak Build Rating 131 | 7 11 12 21 19 30 36 37 55 53 61 67 66 91 97 108 113 112 105 105 131 131 Average Rating 61 | 5 9 11 17 12 25 31 28 44 48 58 61 60 69 89 101 101 107 93 100 114 115 On Entrance 55 | . 7 10 12 18 8 29 36 37 53 53 60 58 57 65 94 103 112 88 90 105 131 Avg Prop Armor Cover (%) 11 | . . . . . . . . . . . . 11 12 . . . . . . . 27 Naked Turns . | . . . . . . . . . . . . . . . . . . . . . . Heaviest Build 138 | 13 32 96 106 102 107 110 113 113 123 123 126 108 76 88 130 138 89 69 103 131 104 Greatest Support 174 | 20 20 22 24 22 36 34 40 66 66 66 66 69 102 129 156 174 118 118 118 143 115 Greatest Overweight (x) 20 | . 1 4 8 6 4 3 4 2 2 2 2 3 20 1 . 1 . . . 1 2 Average Overweight (x) 1 | . . 3 4 4 2 3 3 1 1 1 1 1 . . . . . . . . . Largest Inventory Capacity 30 | 8 15 25 25 25 25 25 25 25 25 25 25 25 30 20 25 25 20 20 20 25 20 Average Capacity 22 | 7 14 21 25 25 25 25 25 25 25 25 25 24 20 20 20 24 20 20 20 23 19 Most Carried 25 | . 15 19 25 18 25 25 25 25 25 25 25 25 17 20 21 25 20 18 20 25 20 Average Carried 20 | . 10 17 22 17 22 24 23 23 24 25 24 22 12 14 19 22 19 17 18 21 15 Final Capacity 25 | 8 15 25 25 25 25 25 25 25 25 25 25 20 20 20 25 20 20 20 20 20 5 Final Carried 25 | . 15 19 18 17 24 25 21 25 25 25 25 16 16 20 21 20 19 17 20 20 5 Scrap Engine Consumption 231 | . . . . . . . . . . . . 34 44 28 17 19 11 3 4 50 21 Constructs Created 7 | . . . . . . . . . . . . 2 3 1 . . . . . 1 . Constructs Modified 91 | . . . . . . . . . . . . 11 18 10 10 8 3 . 3 17 11 Class Distribution -------------------- 29% | Mutant 25% | Construct 17% | Tank 9% | Commander-Construct 5% | Scavenger-Tank 4% | Skirmisher Dominant Class ---------------- Mutant | -10/Materials Mutant | -10/Mines Tank | -9/Materials Tank | -9/Mines Tank | -8/Materials Tank | -8/Garrison Tank | -8/Materials Mutant | -7/Factory Mutant | -7/Waste Skirmisher | -7/Factory Scavenger-Tank | -7/Storage Mutant | -7/Recycling Construct | -5/Factory Construct | -5/Extension Commander-Construct | -5/Cetus Commander-Construct | -5/Archives Construct | -5/Hub_04(d) Hacker-Construct | -4/Factory Construct | -4/Waste Construct | -4/Factory Construct | -4/Armory Resources | -11 -10 -10 -9 -9 -8 -8 -8 -7 -7 -7 -7 -7 -5 -5 -5 -5 -5 -4 -4 -4 -4 ----------- Run | Yrd Mat Min Mat Min Mat Gar Mat Fac Was Fac Sto Rec Fac Ext Cet Arc Hub Fac Was Fac Arm Matter Collected 13976 | 240 179 277 1006 . 371 670 984 1015 413 468 1276 197 879 453 300 282 1550 . 422 2364 630 Remotely . | . . . . . . . . . . . . . . . . . . . . . . Salvage Created 23100 | 47 292 151 2121 5 766 1894 1740 1004 . 337 2047 797 2612 1090 184 479 1390 . 1018 3309 1817 Parts 1040 | 6 29 4 125 . 41 91 87 40 . 17 86 31 92 30 2 23 72 . 20 155 89 Haulers Intercepted 29 | . 2 . 6 . 4 . 4 4 . 3 2 . 3 . . . . . . 1 . Recyclers Shooed 15 | . . 1 3 . . . 2 1 . 1 1 1 1 . . . 1 . . 3 . Parts Field Recycled . | . . . . . . . . . . . . . . . . . . . . . . Retrieved Matter . | . . . . . . . . . . . . . . . . . . . . . . Parts Self-Destructed . | . . . . . . . . . . . . . . . . . . . . . . Prevented . | . . . . . . . . . . . . . . . . . . . . . . Parts Restored . | . . . . . . . . . . . . . . . . . . . . . . Kills | -11 -10 -10 -9 -9 -8 -8 -8 -7 -7 -7 -7 -7 -5 -5 -5 -5 -5 -4 -4 -4 -4 ------- Run | Yrd Mat Min Mat Min Mat Gar Mat Fac Was Fac Sto Rec Fac Ext Cet Arc Hub Fac Was Fac Arm Combat Hostiles Destroyed 340 | . 7 5 45 2 9 31 28 19 . 3 32 7 40 14 2 1 22 . 4 47 22 Melee 13 | . . . . . . 1 . 1 . . . 4 2 4 . . . . . 1 . Guns 81 | . 4 . 20 . 6 22 13 7 . . 9 . . . . . . . . . . Cannons 139 | . 3 5 6 . 1 . 5 2 . 1 8 . 18 5 1 1 20 . 4 37 22 AOE 82 | . . . 18 2 2 6 5 9 . 2 12 1 15 . . . 2 . . 8 . Classes Destroyed 23 | 1 6 2 5 . 1 2 . 1 . . . 2 . 1 . . . . 1 1 . Worker 23 | . 1 . 1 . 1 . 4 3 . . 1 . 5 . . . 4 . . 3 . Builder 13 | . . . 4 . 1 . 1 . . . 1 . 1 . . . 1 . . 4 . Tunneler 6 | 2 . . . . 1 . . . . 1 . . . . . . 1 . . 1 . Hauler 29 | . 2 . 6 . 4 . 4 4 . 3 2 . 3 . . . . . . 1 . Recycler 21 | . . 1 2 . . . 2 3 . 1 . 4 4 1 . . . . . 3 . Mechanic 9 | . . . 1 . . . 1 2 . . 1 . 3 . . . . . . . 1 Operator 21 | . 1 . 3 . . . 1 2 . . 1 . 1 . . 9 2 . . 1 . Watcher 29 | . 3 . 4 . 4 . 3 2 . . 2 . 2 1 . . . . . 5 3 Swarmer 51 | . 5 . 13 . . 7 3 . . 2 . . 10 . . . 2 . . 9 . Saboteur 1 | . . . . . . . . . . . . . . . . . . . . 1 . Grunt 150 | . 2 3 20 . 6 12 14 3 . 1 22 . 18 9 . . 12 . . 22 6 Brawler 16 | . . . . . 1 3 2 1 . . 5 . 1 1 . . . . . 1 1 Duelist 14 | . . . 1 . . 1 2 . . . 2 1 1 . . . . . . 1 5 Protector 5 | . . . 1 . . . . 1 . . 2 . . . . . . . . . 1 Sentry 38 | . . . 10 . 2 3 7 2 . . 3 2 . 2 . 1 3 . . 3 . Specialist 4 | . . . . . . . . 2 . . . . . . . . 2 . . . . Hunter 19 | . . . . . . 1 1 5 . . 2 . . . . . 1 . . 3 6 Programmer 34 | . . . . . . 4 . 5 . . 1 1 10 1 . . 2 . . 7 3 Behemoth 1 | . . . . . . . . . . . . . . 1 . . . . . . . Compactor 4 | . . . . . . . . . . . . . . . . . . . 4 . . Cetus Guard 2 | . . . . . . . . . . . . . . . 2 . . . . . . Scientist 2 | . . . . . . . . . . . . 2 . . . . . . . . . Scrapper 3 | . . . . . . . . . . . . 3 . . . . . . . . . Assembled 4 | . . 2 . 2 . . . . . . . . . . . . . . . . . Thug 1 | . . . . . . 1 . . . . . . . . . . . . . . . Savage 2 | . . . . . . . . . . . . . . . . 1 1 . . . . Butcher 1 | . . . . . . . . . . 1 . . . . . . . . . . . Best Kill Streak 12 | 2 6 4 9 2 7 4 6 12 . 2 12 4 9 2 2 4 7 . 2 9 9 Combat Bots Only 11 | . 4 3 7 2 3 4 6 9 . 2 11 3 5 2 2 1 6 . 2 7 8 Max Kills in Single Turn 5 | 1 1 1 5 2 2 3 2 4 . 2 4 2 4 1 1 1 5 . 1 3 2 Gunslinging 1 | . . . . . 1 1 . . . . . . . . . . . . . . . Exploded 4 | . . . 4 2 1 3 2 4 . 2 4 1 3 . . . 2 . . 3 . Melee 1 | . . . . . . 1 . 1 . . . 1 1 1 . . . . . 1 . Uniques/NPCs Destroyed 1 | . . . . . . . . . . . . . . . 1 . . . . . . A7 (-5/Cetus) Combat | -11 -10 -10 -9 -9 -8 -8 -8 -7 -7 -7 -7 -7 -5 -5 -5 -5 -5 -4 -4 -4 -4 -------- Run | Yrd Mat Min Mat Min Mat Gar Mat Fac Was Fac Sto Rec Fac Ext Cet Arc Hub Fac Was Fac Arm Hostile Shots Fired 2611 | . 38 18 188 37 14 100 160 180 . 39 206 102 279 107 28 8 190 . 2 341 574 Missed 831 | . 11 5 44 10 6 27 38 61 . 21 82 34 101 27 11 4 50 . 1 119 179 Hits 1780 | . 27 13 144 27 8 73 122 119 . 18 124 68 178 80 17 4 140 . 1 222 395 Melee 43 | . . . 1 1 . 2 7 . . . . 3 3 . . . . . 1 5 20 Projectile 1737 | . 27 13 143 26 8 71 115 119 . 18 124 65 175 80 17 4 140 . . 217 375 AOE 13 | . . . . 12 . . . . . . . . . . . . 1 . . . . Critical Strikes 77 | . 2 . 3 . . 1 7 6 . 1 6 2 10 2 4 . 6 . . 15 12 Actively Blocked 3 | . . . . . . . . . . . . . . . . . . . . 3 . Part Disruptions 1 | . . . . . . . . . . . . . . . . . 1 . . . . Damage Taken 30636 | . 235 143 1834 801 119 1023 2006 1857 57 430 1549 818 3632 1448 439 79 2783 . 41 4172 7170 Core 3576 | . 66 10 167 184 . 129 372 260 . 29 266 95 443 188 . . 206 . . 325 836 Absorbed by Shields 732 | . . . 75 . . . . . . . . . 26 386 79 27 139 . . . . Reduced by Siege Mode 29 | . . . . . . . . . . . . . . 5 24 . . . . . . Ignored by Resistances 441 | . . . . . . . . . . . 79 22 . . . . . . . 177 163 Regen/Repaired (Parts) 6855 | . . . 47 . . . 42 . 82 161 400 . 942 793 850 144 694 . 499 1579 622 Core Remaining (%) 35 | 100 . 69 . 12 . . 8 . . . . 7 . . . . 16 . . . . Volleys Fired 1245 | 3 46 30 123 2 36 83 79 50 . 22 104 20 108 39 62 42 72 . 55 165 104 Largest 3 | 2 2 2 3 2 3 3 3 3 . 3 3 2 2 1 1 1 1 . 1 1 1 Hottest 246 | 40 66 66 122 46 145 145 112 104 . 164 176 100 173 104 104 99 99 . 53 246 246 Shots Fired 1909 | 6 92 60 272 3 93 210 170 112 2 47 179 21 112 35 61 40 72 . 54 164 104 Gun 845 | 6 72 . 220 2 59 210 137 39 . . 86 14 . . . . . . . . . Cannon 968 | . 20 60 42 . 32 . 23 58 1 46 80 . 98 35 60 35 70 . 54 154 100 Launcher 89 | . . . 10 1 2 . 10 15 1 1 13 7 14 . . . 2 . . 10 3 Special 7 | . . . . . . . . . . . . . . . 1 5 . . . . 1 Kinetic 971 | 6 92 60 119 2 32 60 117 97 1 44 80 1 4 . 30 32 . . . 96 98 Thermal 397 | . . . 8 . . . 22 . . 2 86 13 50 35 30 3 70 . 54 22 2 Explosive 54 | . . . 10 1 2 . . 11 . 1 . . 14 . . . 2 . . 10 3 Electromagnetic 480 | . . . 135 . 59 150 31 4 1 . 13 7 44 . . . . . . 36 . Robot Hit Streak 17 | 2 6 6 11 5 8 17 7 11 . 2 10 10 8 8 12 5 8 . 11 11 8 Robot Miss Streak 21 | 1 4 2 6 . 3 5 9 21 1 5 7 4 9 6 3 2 4 . 3 3 6 Penetration Max 2 | . . . . . . . . . . 1 2 . . . 1 . . . . 1 1 Secondary Targets 11 | . 1 . 2 . 1 3 4 . . . . . . . . . . . . . . Max Gunslinging Chain 1 | . 1 . 1 . 1 1 1 . . . . . . . . . . . . . . Shots Hit Robots 1237 | 3 53 18 154 3 60 129 123 85 7 13 111 34 92 52 38 25 46 . 41 89 61 Core Hits 878 | 2 19 6 105 5 39 77 83 97 . 13 101 17 129 13 6 11 43 . 7 70 35 Critical Kills 55 | . . . . . . . 2 . . 6 10 . . 1 . 5 6 . 4 21 . Critical Parts Destroyed 67 | . . . . . . . 4 1 . 4 20 . 3 3 1 5 14 . . 12 . Critical Strikes 141 | . . 1 3 . . . 7 1 . 10 32 1 4 5 1 10 20 . 10 36 . Burn 4 | . . . . . . . 1 . . . 2 1 . . . . . . . . . Meltdown 1 | . . . . . . . . . . . . . . 1 . . . . . . . Destroy 119 | . . . . . . . 2 . . 10 30 . 1 . 1 10 20 . 10 35 . Blast 4 | . . 1 2 . . . . . . . . . . . . . . . . 1 . Corrupt 2 | . . . 1 . . . . . . . . . 1 . . . . . . . . Smash 10 | . . . . . . . 4 1 . . . . 2 3 . . . . . . . Sever 1 | . . . . . . . . . . . . . . 1 . . . . . . . Melee Attacks 177 | . . . . . . 8 16 23 7 . . 24 46 46 . . . . . . 7 Thermal 1 | . . . . . . . . . . . . . . . . . . . . . 1 Impact 96 | . . . . . . 8 14 16 . . . . 27 31 . . . . . . . Slashing 64 | . . . . . . . . 1 . . . 23 19 15 . . . . . . 6 Piercing . | . . . . . . . . . . . . . . . . . . . . . . Sneak Attacks 32 | . . . . . . . 5 10 1 . . 11 3 2 . . . . . . . Combat Hostiles 2 | . . . . . . . . . 1 . . 1 . . . . . . . . . Follow-up Attacks 6 | . . . . . . . . . . . . . . 4 . . . . . . 2 Damage Inflicted 61008 | 55 778 400 4007 249 1522 3217 3628 3990 . 588 4884 1873 6616 2193 2386 1513 4990 . 2452 9484 6183 Guns 10546 | 55 560 . 2007 35 939 2560 1789 593 . . 1643 365 . . . . . . . . . Cannons 30068 | . 218 400 480 . 252 . 329 743 . 478 983 . 2665 875 2386 1513 4332 . 2452 6558 5404 Explosions 14753 | . . . 1520 214 331 562 890 1900 . 110 2258 308 2786 . . . 658 . . 2544 672 Melee 5259 | . . . . . . 95 620 754 . . . 1200 1165 1318 . . . . . . 107 Ramming 382 | . . . . . . . . . . . . . . . . . . . . 382 . Kinetic 19651 | 55 778 400 1110 35 252 818 1633 1336 . 436 983 5 90 . 1101 1302 . . . 4020 5297 Thermal 16468 | . . . 455 . 70 562 415 . . 42 2061 360 1375 875 1285 211 4332 . 2452 1866 107 Explosive 8830 | . . . 895 214 261 . . 1702 . 110 . . 2599 . . . 658 . . 1719 672 Electromagnetic 10418 | . . . 1547 . 939 1742 960 198 . . 1840 308 1387 . . . . . . 1497 . Impact 2829 | . . . . . . 95 620 754 . . . . 558 802 . . . . . . . Slashing 2430 | . . . . . . . . . . . . 1200 607 516 . . . . . . 107 Piercing . | . . . . . . . . . . . . . . . . . . . . . . Highest Corruption 12 | . 2 2 1 1 . 3 7 7 7 7 9 3 12 12 12 12 3 . 5 10 5 Average Corruption 5 | . 2 2 1 1 . 2 4 1 7 7 7 2 7 10 12 7 1 . 5 3 3 Corruption Purged 36 | . . . . . . . . . . . . . 10 . . 12 . . . 10 4 Corruption Blocked . | . . . . . . . . . . . . . . . . . . . . . . Effects 355 | . 10 8 1 . . 3 37 2 12 29 39 25 52 51 24 15 2 . 9 25 11 Message Errors 81 | . 2 3 . . . 1 5 1 3 6 6 9 13 15 8 3 . . . 3 3 Matter Fused 80 | . 2 . . . . . 11 . 4 5 8 6 14 9 5 3 1 . 2 6 4 Heat Flow Errors 44 | . 1 1 1 . . . 3 1 1 5 2 2 8 8 2 2 1 . . 3 3 Energy Discharges 39 | . 3 2 . . . . 5 . 1 3 6 . 5 4 1 4 . . 1 4 . Parts Rejected 7 | . . . . . . . . . . . 3 . 1 2 1 . . . . . . Parts Fused 5 | . . . . . . . 1 . . 1 . . 1 1 1 . . . . . . Data Loss (minor) 39 | . 2 1 . . . . 6 . 1 4 8 4 3 1 3 . . . 1 5 . Data Loss (major) 24 | . . 1 . . . 1 1 . . 1 2 2 1 6 1 1 . . 3 3 1 Misfires 9 | . . . . . . 1 1 . 2 3 2 . . . . . . . . . . Alerts 6 | . . . . . . . 1 . . 1 . 2 1 . . . . . 1 . . Misdirections 2 | . . . . . . . . . . . . . . 1 1 . . . . . . Weapon Failures 19 | . . . . . . . 3 . . . 2 . 5 4 1 2 . . 1 1 . Overload Shots 6 | . . . . . . . . . . . . 6 . . . . . . . . . Effects 1 | . . . . . . . . . . . . 1 . . . . . . . . . Short Circuit 1 | . . . . . . . . . . . . 1 . . . . . . . . . Overflow Damage 4694 | . . 27 82 4 . 17 340 155 . . 30 350 358 230 186 159 906 . . 1051 799 Projectiles 2879 | . . 27 6 . . . . 3 . . 17 . 61 30 186 159 906 . . 685 799 Explosions 573 | . . . 76 4 . . 16 8 . . 13 . 134 . . . . . . 322 . Melee 1242 | . . . . . . 17 324 144 . . . 350 163 200 . . . . . 44 . Knockbacks 103 | . 1 3 1 . 1 . 6 16 . 2 6 . 2 4 5 5 . . . 24 27 Impact 9 | . . . . . . . 3 . . . . . 1 4 . . . . . 1 . Kinetic 91 | . 1 3 1 . 1 . 3 14 . 2 6 . 1 . 5 5 . . . 23 26 Secondary 3 | . . . . . . . . 2 . . . . . . . . . . . . 1 Self-Inflicted Damage 931 | . . . 69 . . 28 186 93 . . 79 48 244 . . . . . . 184 . Shots 41 | . . . 3 . . 1 9 3 . . 5 4 13 . . . . . . 3 . Rammed . | . . . . . . . . . . . . . . . . . . . . . . Targets Rammed 27 | . . . . . . . . . . . . . . . . . . . . 27 . Kicked 27 | . . . . . . . . . . . . . . . . . . . . 27 . Crushed . | . . . . . . . . . . . . . . . . . . . . . . Highest Temperature 590 | . 83 145 380 3 54 93 590 180 244 291 302 234 307 303 216 157 445 . 157 432 587 Average Temperature 92 | . 16 27 105 2 15 23 96 46 105 76 103 61 93 99 64 44 104 . 51 112 159 Received Heat Transfer 7086 | . 72 66 753 20 63 252 567 369 . 27 783 260 765 436 18 18 791 . . 693 1133 Effects 39 | . . . 5 . . . 7 . . . 3 . . . . . 1 . . 9 14 Shutdowns 10 | . . . 1 . . . 3 . . . . . . . . . 1 . . 2 3 Energy Bleed 8 | . . . 2 . . . 2 . . . . . . . . . . . . 3 1 Interference 16 | . . . 2 . . . 1 . . . 3 . . . . . . . . 4 6 Damage (minor) 2 | . . . . . . . 1 . . . . . . . . . . . . . 1 Damage (major) 3 | . . . . . . . . . . . . . . . . . . . . . 3 Siege Activations 2 | . . . . . . . . . . . . . . 1 1 . . . . . . Total Turns 19 | . . . . . . . . . . . . . . 6 13 . . . . . . Longest Duration 13 | . . . . . . . . . . . . . . 6 13 . . . . . . Martial Activations . | . . . . . . . . . . . . . . . . . . . . . . Shielding Activations . | . . . . . . . . . . . . . . . . . . . . . . Robots Disrupted 1 | . . . . . 1 . . . . . . . . . . . . . . . . Combat Hostiles 1 | . . . . . 1 . . . . . . . . . . . . . . . . Robots Corrupted 32 | . . . 1 . . 7 6 3 . . 1 1 6 4 . . . . . 3 . Combat Hostiles 20 | . . . 1 . . 2 5 . . . 1 1 5 4 . . . . . 1 . Parts Fried 63 | . . . 3 . 4 5 5 4 . . 6 5 11 3 . . . . . 17 . Impact Corruptions 28 | . . . . . . 1 8 5 . . . . 4 5 . . . . . 4 1 Robots Melted 5 | . . . . . . . . . . . 2 1 . 1 1 . . . . . . Combat Hostiles 5 | . . . . . . . . . . . 2 1 . 1 1 . . . . . . Parts Melted 22 | . . . . . . . . . . . 10 3 2 3 1 . . . . 2 1 Heat Transferred 12663 | . . . 536 . 100 550 853 . . 74 3691 712 742 666 737 74 1924 . 1554 450 . Parts Sabotaged 2 | . . . . . . . . . . . . . . . . . . . . . 2 Parts Stolen . | . . . . . . . . . . . . . . . . . . . . . . Parts Stripped . | . . . . . . . . . . . . . . . . . . . . . . Power Chain Reactions 21 | . . . 4 . 2 7 4 . . . 3 . 1 . . . . . . . . Alert | -11 -10 -10 -9 -9 -8 -8 -8 -7 -7 -7 -7 -7 -5 -5 -5 -5 -5 -4 -4 -4 -4 ------- Run | Yrd Mat Min Mat Min Mat Gar Mat Fac Was Fac Sto Rec Fac Ext Cet Arc Hub Fac Was Fac Arm Maximum Alert Level 5 | . . . 3 1 . 5 4 2 . 3 4 2 4 4 2 2 3 2 . 4 3 Low Security (%) 26 | 100 100 100 29 . 100 5 . 23 100 25 . 29 . . . 22 21 . 100 17 . Level 1 17 | . . . 7 100 . 25 . 36 . 1 . 36 41 29 . 55 7 . . 8 . Level 2 29 | . . . 42 . . 15 . 40 . 19 58 33 26 49 100 21 29 100 . 29 61 Level 3 20 | . . . 20 . . 23 63 . . 53 35 . 30 12 . . 41 . . 37 38 Level 4 5 | . . . . . . 20 36 . . . 5 . 1 7 . . . . . 8 . Level 5 . | . . . . . . 8 . . . . . . . . . . . . . . . High Security . | . . . . . . . . . . . . . . . . . . . . . . Max Security . | . . . . . . . . . . . . . . . . . . . . . . Peak Influence 1617 | 5 85 50 976 376 156 1617 1219 545 135 1041 1132 487 1167 1171 679 441 1012 494 165 1123 861 Initial 787 | . . . . 376 115 103 787 545 135 . 464 436 392 425 644 214 44 494 165 17 545 Average 476 | . 23 3 428 338 87 776 1011 333 47 602 691 300 559 545 606 288 580 487 97 587 611 Influence Increases 17152 | 10 271 65 1572 1 354 1544 1142 678 27 1459 1352 332 1927 1262 403 368 1323 . 20 2179 863 Destroy 0b10 Robot/C 7960 | . 140 60 880 . 180 680 660 360 . 560 760 80 800 560 160 80 640 . . 940 420 Destroy 0b10 Robot/NC 885 | 10 35 5 110 . 55 25 80 85 . 65 50 20 95 25 10 45 55 . . 90 25 Destroy Leader 1490 | . 30 . 230 . 56 40 184 102 . 110 158 . 130 56 . . 164 . . 162 68 Allied During Kill 1759 | . . . . . . 106 76 . . 544 87 . . 452 158 110 226 . . . . Trap Triggered on 0b10 40 | . . . 30 . 10 . . . . . . . . . . . . . . . . Successful Hack 517 | . 50 . 32 . 8 42 33 49 . 60 27 21 54 25 . . . . . 109 7 Select Force Hacks 290 | . . . . . . . . . . . . 210 . . . . 50 . . 30 . Disable Machine 1005 | . 15 . 60 . 15 60 45 30 . 60 135 . 105 75 15 105 60 . . 165 60 Anti-Garrison Action 300 | . . . . . . 300 . . . . . . . . . . . . . . . Destroy Structure 1716 | . 1 . 80 1 30 111 19 37 27 60 75 1 348 54 60 28 98 . 20 488 178 Advance Influence 350 | . . . . . . . . . . . . . 350 . . . . . . . . Partial Spotted 30 | . . . . . . . . . . . . . . . . . . . . 15 15 Lose Combat Pursuer 810 | . . . 150 . . 180 45 15 . . 60 . 45 15 . . 30 . . 180 90 Influence Decreases 16482 | 10 271 65 607 669 492 86 1560 1489 415 438 1253 1352 1158 980 1017 779 438 537 469 1091 1306 Entered New Map 6621 | . . . . 589 182 56 830 654 253 . 557 684 58 444 507 323 82 517 309 8 568 Time Decay 6876 | 10 261 65 527 10 310 . 510 510 152 328 416 598 580 506 270 416 246 20 160 583 398 Search Patrol Dispatched 100 | . . . . . . . . . . . . . 100 . . . . . . . . Lost Part 1020 | . 10 . 80 70 . 10 140 50 10 10 20 70 120 10 . . 50 . . 50 320 Lost Ally 840 | . . . . . . 20 80 . . 100 260 . . 20 240 40 60 . . . 20 Purge Threat 1025 | . . . . . . . . 275 . . . . 300 . . . . . . 450 . Squads Dispatched 82 | . 1 . 6 . 2 . 5 5 . 10 10 . 9 3 . . 14 . . 13 4 Investigation 19 | . . . 1 . . . 1 . . 3 2 . 1 2 . . 4 . . 5 . Extermination 17 | . . . . . . . . 3 . 1 1 . 4 . . . 2 . . 4 2 Reinforcement 20 | . 1 . 2 . 1 . 2 1 . 4 4 . 2 . . . 3 . . . . Assault 18 | . . . 3 . . . 2 . . 2 3 . 2 1 . . 2 . . 1 2 Garrison 8 | . . . . . 1 . . 1 . . . . . . . . 3 . . 3 . Intercept . | . . . . . . . . . . . . . . . . . . . . . . Searches Triggered 1 | . . . . . . . . . . . . . 1 . . . . . . . . Construction Impeded 3 | . . . 1 . 1 . . . . . 1 . . . . . . . . . . Haulers Reinforced 6 | . . . . . . . . . . 3 1 . 2 . . . . . . . . Active Scanning Responses . | . . . . . . . . . . . . . . . . . . . . . . Cargo Convoy Interrupts 1 | . . . . . . . . 1 . . . . . . . . . . . . . Stealth | -11 -10 -10 -9 -9 -8 -8 -8 -7 -7 -7 -7 -7 -5 -5 -5 -5 -5 -4 -4 -4 -4 --------- Run | Yrd Mat Min Mat Min Mat Gar Mat Fac Was Fac Sto Rec Fac Ext Cet Arc Hub Fac Was Fac Arm Distress Signals 30 | . . . 3 . . 2 3 3 . . 4 . 2 . 2 . 3 . . 3 5 Communications Jammed . | . . . . . . . . . . . . . . . . . . . . . . Distress Signals . | . . . . . . . . . . . . . . . . . . . . . . Times Spotted 620 | . 13 6 71 22 14 39 44 29 6 26 54 9 53 29 9 14 46 . 8 84 44 Peak Tracking Total 22 | . 3 2 9 22 3 9 7 10 3 5 14 4 5 3 5 1 9 . 4 12 9 Tactical Retreats 34 | . . . 6 . . 4 1 1 . . 3 2 2 1 . . 1 . 1 6 6 Traps | -11 -10 -10 -9 -9 -8 -8 -8 -7 -7 -7 -7 -7 -5 -5 -5 -5 -5 -4 -4 -4 -4 ------- Run | Yrd Mat Min Mat Min Mat Gar Mat Fac Was Fac Sto Rec Fac Ext Cet Arc Hub Fac Was Fac Arm Traps Triggered 29 | . 1 . . . . 6 2 1 . 3 2 . 1 4 . . 1 1 . 3 4 Indirectly 2 | . . . . . . . . . . . 2 . . . . . . . . . . Trap Hack Attempts . | . . . . . . . . . . . . . . . . . . . . . . Triggered . | . . . . . . . . . . . . . . . . . . . . . . Disarmed . | . . . . . . . . . . . . . . . . . . . . . . Reprogrammed . | . . . . . . . . . . . . . . . . . . . . . . Reused 4 | . . . 3 . 1 . . . . . . . . . . . . . . . . Traps Extracted . | . . . . . . . . . . . . . . . . . . . . . . Installed 5 | . . . 4 . 1 . . . . . . . . . . . . . . . . Triggered 4 | . . . 3 . 1 . . . . . . . . . . . . . . . . Most Traps Carried 5 | . . 5 5 1 1 . . . . . . . . . . . . . . . . Machines | -11 -10 -10 -9 -9 -8 -8 -8 -7 -7 -7 -7 -7 -5 -5 -5 -5 -5 -4 -4 -4 -4 ---------- Run | Yrd Mat Min Mat Min Mat Gar Mat Fac Was Fac Sto Rec Fac Ext Cet Arc Hub Fac Was Fac Arm Machines Disabled 72 | . 1 . 5 . 1 8 3 2 . 4 9 . 7 5 1 7 4 . . 11 4 Max in Single Turn 2 | . 1 . 2 . 1 1 1 1 . 1 2 . 2 1 1 2 1 . . 2 1 Garrison Access 4 | . . . . . . . . 1 . 1 . . 1 . . . 1 . . . . Garrison Relay 4 | . . . . . . 4 . . . . . . . . . . . . . . . Network Hub 1 | . . . . . . . . . . . . . . . . . 1 . . . . Machines Repaired . | . . . . . . . . . . . . . . . . . . . . . . Machines Dismantled . | . . . . . . . . . . . . . . . . . . . . . . Machines Sabotaged 1 | . . . . . . . . . . . . . . . . . 1 . . . . Overloaded Fab Kills . | . . . . . . . . . . . . . . . . . . . . . . Hacking | -11 -10 -10 -9 -9 -8 -8 -8 -7 -7 -7 -7 -7 -5 -5 -5 -5 -5 -4 -4 -4 -4 --------- Run | Yrd Mat Min Mat Min Mat Gar Mat Fac Was Fac Sto Rec Fac Ext Cet Arc Hub Fac Was Fac Arm Machines Accessed 120 | . 8 . 13 . 3 3 7 6 . 9 10 14 12 9 . . 6 1 . 17 2 Terminals 71 | . 6 . 9 . 1 3 4 3 . 3 8 6 7 7 . . 5 . . 8 1 Fabricators 6 | . . . . . . . . 1 . 2 . . . . . . . . . 2 1 Repair Stations 9 | . 1 . 1 . . . 1 . . . 1 . 3 . . . . . . 2 . Recycling Units 20 | . 1 . 2 . 1 . 1 . . 1 1 7 1 2 . . . 1 . 2 . Scanalyzers 7 | . . . 1 . . . 1 1 . 2 . . . . . . . . . 2 . Garrison Access 6 | . . . . . 1 . . 1 . 1 . . 1 . . . 1 . . 1 . Total Hacks 347 | . 34 . 34 . 7 4 22 16 . 29 23 44 30 15 . . 11 2 . 66 10 Successful 175 | . 21 . 18 . 3 3 11 7 . 17 11 27 15 6 . . 5 1 . 28 2 Failed 171 | . 13 . 16 . 4 1 11 9 . 12 12 16 15 9 . . 6 1 . 38 8 Catastrophic 37 | . 1 . 2 . . . 2 2 . 4 3 1 5 2 . . 1 . . 12 2 Database Lockouts 1 | . . . . . . . . . . . . 1 . . . . . . . . . Manual 152 | . 18 . 16 . 4 1 9 4 . 10 4 29 12 3 1 . 10 . . 25 6 Terminals 228 | . 27 . 23 . 4 4 15 9 . 9 20 21 23 13 . . 9 . . 43 8 Fabricators 17 | . . . . . . . . 2 . 5 . . . . . . . . . 8 2 Repair Stations 22 | . 4 . 2 . . . 3 . . . 2 . 5 . . . . . . 6 . Recycling Units 45 | . 3 . 7 . 2 . 2 . . 2 1 21 1 2 . . . 2 . 2 . Scanalyzers 23 | . . . 2 . . . 2 3 . 11 . . . . . . . . . 5 . Garrison Access 10 | . . . . . 1 . . 2 . 2 . . 1 . . . 2 . . 2 . Terminal Hacks 58 | . 8 . 6 . . 3 3 2 . . 7 5 8 3 . . . . . 13 . Part Schematic 4 | . 1 . . . . . . . . . . 1 . . . . . . . 2 . Robot Schematic 1 | . 1 . . . . . . . . . . . . . . . . . . . . Robot Analysis 7 | . 3 . . . . . . 1 . . . 2 . 1 . . . . . . . Prototype ID Bank 1 | . . . . . . . . . . . . . 1 . . . . . . . . Open Door 6 | . . . . . . . . . . . 3 . 1 2 . . . . . . . Branch Access Points 6 | . . . 1 . . . 1 1 . . 1 . 1 . . . . . . 1 . Emergency Access Points 2 | . . . 1 . . 1 . . . . . . . . . . . . . . . Terminal Index 3 | . . . . . . . 1 . . . . . 1 . . . . . . 1 . Fabricator Index 1 | . . . . . . . . . . . . . . . . . . . . 1 . Alert Level 2 | . . . 1 . . . 1 . . . . . . . . . . . . . . Unreport Threat 5 | . . . . . . . . . . . . . 2 . . . . . . 3 . Locate Traps 6 | . . . 2 . . . . . . . 1 . 2 . . . . . . 1 . Dispatch Records 1 | . . . 1 . . . . . . . . . . . . . . . . . . Recall Investigation 2 | . . . . . . . . . . . . . . . . . . . . 2 . Recall Extermination 1 | . . . . . . . . . . . . . . . . . . . . 1 . Recall Reinforcements 2 | . 1 . . . . . . . . . 1 . . . . . . . . . . Registered Components 3 | . 1 . . . . . . . . . 1 . . . . . . . . 1 . Registered Prototypes 1 | . 1 . . . . . . . . . . . . . . . . . . . . Garrison Registry 1 | . . . . . . 1 . . . . . . . . . . . . . . . Patrol Navigation 1 | . . . . . . 1 . . . . . . . . . . . . . . . Release Object 2 | . . . . . . . . . . . . 2 . . . . . . . . . Fabricator Hacks 4 | . . . . . . . . . . 1 . . . . . . . . . 2 1 Network Status 1 | . . . . . . . . . . . . . . . . . . . . . 1 Load Schematic 1 | . . . . . . . . . . . . . . . . . . . . 1 . Build 2 | . . . . . . . . . . 1 . . . . . . . . . 1 . Repair Station Hacks 11 | . 2 . 2 . . . 2 . . . 2 . 1 . . . . . . 2 . Scan Component 5 | . . . 1 . . . 1 . . . 1 . . . . . . . . 2 . Repair 3 | . . . 1 . . . 1 . . . 1 . . . . . . . . . . Refit 3 | . 2 . . . . . . . . . . . 1 . . . . . . . . Recycling Unit Hacks 19 | . 2 . 2 . . . 1 . . 1 1 7 1 2 . . . 1 . 1 . Process 1 | . 1 . . . . . . . . . . . . . . . . . . . . Retrieve Matter 1 | . 1 . . . . . . . . . . . . . . . . . . . . Retrieve Components 17 | . . . 2 . . . 1 . . 1 1 7 1 2 . . . 1 . 1 . Scanalyzer 16 | . . . . . . . 1 1 . 11 . . . . . . . . . 3 . Insert Component 9 | . . . . . . . . . . 7 . . . . . . . . . 2 . Analyze 5 | . . . . . . . . . . 4 . . . . . . . . . 1 . Retrieve Study 2 | . . . . . . . 1 1 . . . . . . . . . . . . . Garrison Access Hacks 8 | . . . . . 1 . . 2 . 2 . . 1 . . . 1 . . 1 . Unlock Access 2 | . . . . . 1 . . . . . . . . . . . 1 . . . . Seal Access 3 | . . . . . . . . 1 . 1 . . 1 . . . . . . . . Coupler Status 3 | . . . . . . . . 1 . 1 . . . . . . . . . 1 . Unauthorized Hacks 59 | . 9 . 8 . 2 . 4 2 . 2 1 15 4 1 . . 4 . . 6 1 Terminals 48 | . 9 . 7 . 2 . 4 2 . 2 1 8 4 1 . . 4 . . 3 1 Track 2 | . . . 1 . . . . . . 1 . . . . . . . . . . . Botnet 18 | . 3 . 1 . 1 . 1 1 . 1 1 3 3 1 . . . . . 2 . Disrupt 1 | . . . . . . . . . . . . . . . . . . . . . 1 Operators 3 | . 1 . . . . . . . . . . . 1 . . . . . . 1 . Skim 20 | . 5 . 5 . 1 . 3 1 . . . 5 . . . . . . . . . Sabotage 4 | . . . . . . . . . . . . . . . . . 4 . . . . Fabricators 2 | . . . . . . . . . . . . . . . . . . . . 2 . Prioritize 1 | . . . . . . . . . . . . . . . . . . . . 1 . Haulers 1 | . . . . . . . . . . . . . . . . . . . . 1 . Repair Stations . | . . . . . . . . . . . . . . . . . . . . . . Recycling Units 8 | . . . 1 . . . . . . . . 7 . . . . . . . . . Recyclers 1 | . . . 1 . . . . . . . . . . . . . . . . . . Tunnel 7 | . . . . . . . . . . . . 7 . . . . . . . . . Scanalyzers . | . . . . . . . . . . . . . . . . . . . . . . Garrison Access 1 | . . . . . . . . . . . . . . . . . . . . 1 . Eject 1 | . . . . . . . . . . . . . . . . . . . . 1 . Data Cores Recovered 3 | . . . . . . . . 1 . . . . 1 . . . . . . 1 . Used 2 | . . . . . . . . 1 . . . . . . . . . . . 1 . Hacking Detections 94 | . 7 . 12 . 2 2 7 6 . 7 6 8 8 8 . . 4 . . 15 2 Full Trace Events 10 | . . . 1 . . . . . . 1 2 . 1 2 . . . . . 3 . Feedback Events 1 | . . . . . . . . . . . . . . . . . . . . 1 . Corruption 1 | . . . . . . . . . . . . . . . . . . . . 1 . Feedback Blocked . | . . . . . . . . . . . . . . . . . . . . . . Robot Schematics Acquired 1 | . 1 . . . . . . . . . . . . . . . . . . . . Robots Built 2 | . . . . . . . . . . 2 . . . . . . . . . . . Authchips . | . . . . . . . . . . . . . . . . . . . . . . Time 58 | . . . . . . . . . . 58 . . . . . . . . . . . Total Robot Build Rating 6 | . . . . . . . . . . 6 . . . . . . . . . . . Part Schematics Acquired 8 | . 1 . . . . . . . . 3 . 1 . . . . . . . 3 . Parts Built 2 | . . . . . . . . . . . . . . . . . . . . 2 . Authchips . | . . . . . . . . . . . . . . . . . . . . . . Time 69 | . . . . . . . . . . . . . . . . . . . . 69 . Total Part Build Rating 18 | . . . . . . . . . . . . . . . . . . . . 18 . Part Studies Acquired 2 | . . . . . . . 1 1 . . . . . . . . . . . . . Parts Repaired 3 | . . . 1 . . . 1 . . . 1 . . . . . . . . . . Time 117 | . . . 26 . . . 30 . . . 61 . . . . . . . . . . Parts Recycled . | . . . . . . . . . . . . . . . . . . . . . . Recycled Matter 179 | . 179 . . . . . . . . . . . . . . . . . . . . Retrieved Matter 236 | . 236 . . . . . . . . . . . . . . . . . . . . Retrieved Components 55 | . . . 9 . . . 3 . . 1 10 16 2 1 . . . 3 . 10 . Parts Scanalyzed 5 | . . . . . . . . . . 3 . . . . . . . . . 2 . Part Schematics Acquired 4 | . . . . . . . . . . 3 . . . . . . . . . 1 . Parts Damaged . | . . . . . . . . . . . . . . . . . . . . . . Bothacking | -11 -10 -10 -9 -9 -8 -8 -8 -7 -7 -7 -7 -7 -5 -5 -5 -5 -5 -4 -4 -4 -4 ------------ Run | Yrd Mat Min Mat Min Mat Gar Mat Fac Was Fac Sto Rec Fac Ext Cet Arc Hub Fac Was Fac Arm Used RIF Installer 1 | . . . . . . 1 . . . . . . . . . . . . . . . Robots Hacked 12 | . . . . . . . 1 2 6 . . . . . 1 2 . . . . . Non-combat 4 | . . . . . . . 1 2 . . . . . . . 1 . . . . . Combat 8 | . . . . . . . . . 6 . . . . . 1 1 . . . . . Robot Hacks Applied 18 | . . . . . . . 2 6 7 . . . . . 1 2 . . . . . parse_system 5 | . . . . . . . 1 . 1 . . . . . 1 2 . . . . . no_distress 2 | . . . . . . . 1 1 . . . . . . . . . . . . . generate_echo 1 | . . . . . . . . 1 . . . . . . . . . . . . . find_chute 1 | . . . . . . . . 1 . . . . . . . . . . . . . purge_threat 2 | . . . . . . . . 2 . . . . . . . . . . . . . locate_traps 1 | . . . . . . . . 1 . . . . . . . . . . . . . ignore_targets 6 | . . . . . . . . . 6 . . . . . . . . . . . . Relay Couplers Released 22 | . . . . . . 17 . . . . . . . . . . 1 . . 4 . Ejected 4 | . . . . . . . . . . . . . . . . . . . . 4 . Machine Destruction 15 | . . . . . . 14 . . . . . . . . . . 1 . . . . Programmers 3 | . . . . . . 3 . . . . . . . . . . . . . . . Attached 2 | . . . . . . . . 1 1 . . . . . . . . . . . . Fabnet Peak Effective % . | . . . . . . . . . . . . . . . . . . . . . . Robots Rewired 21 | . . . . . . 7 . . . . . . . 13 . . . . . . 1 Allies Hacked 2 | . . . . . . 1 . . . 1 . . . . . . . . . . . Hacks Repelled . | . . . . . . . . . . . . . . . . . . . . . . Allies | -11 -10 -10 -9 -9 -8 -8 -8 -7 -7 -7 -7 -7 -5 -5 -5 -5 -5 -4 -4 -4 -4 -------- Run | Yrd Mat Min Mat Min Mat Gar Mat Fac Was Fac Sto Rec Fac Ext Cet Arc Hub Fac Was Fac Arm Total Allies 67 | . . . . . . 7 . . 19 2 12 . . 21 5 . . . . . 1 Largest Group 19 | . . . . . . 6 5 . 19 19 12 . . 18 16 7 4 . . . 1 Highest-Rated Group 668 | . . . . . . 118 98 . 475 475 235 . . 668 605 434 308 . . . 47 Highest-Rated Ally 159 | . . . . . . 31 25 . 35 35 31 . . 159 153 96 96 . . . 47 Total Orders 4 | . . . . . . . . . . . . . . . 2 2 . . . . . STAY 2 | . . . . . . . . . . . . . . . 1 1 . . . . . FOLLOW 2 | . . . . . . . . . . . . . . . 1 1 . . . . . Ally Attacks 729 | . . . . . . 16 39 . 47 212 118 . . 159 74 15 47 . . . 2 Total Damage 15418 | . . . . . . 402 544 . 1264 3943 1648 . . 3881 1507 515 1696 . . . 18 Kills 104 | . . . . . . 3 5 . 5 37 8 . . 21 9 3 13 . . . . Allies Corrupted 5 | . . . . . . 1 . . . . 4 . . . . . . . . . . Allies Melted 1 | . . . . . . . . . . 1 . . . . . . . . . . . Intel | -11 -10 -10 -9 -9 -8 -8 -8 -7 -7 -7 -7 -7 -5 -5 -5 -5 -5 -4 -4 -4 -4 ------- Run | Yrd Mat Min Mat Min Mat Gar Mat Fac Was Fac Sto Rec Fac Ext Cet Arc Hub Fac Was Fac Arm Active Infowar (turns) 7683 | 5 547 . 510 8 683 268 455 1209 36 818 279 170 963 96 . . . . . 1260 376 Sensors 5236 | . . . . . . . 119 1209 36 818 279 170 963 96 . . . . . 1170 376 Terrain 90 | . . . . . . . . . . . . . . . . . . . . 90 . Seismic 2357 | 5 547 . 510 8 683 268 336 . . . . . . . . . . . . . . Robot Analysis Total 7 | . 3 . . . . . . 1 . . . 2 . 1 . . . . . . . Derelict Logs Recovered 2 | . . 2 . . . . . . . . . . . . . . . . . . . Drone Launches . | . . . . . . . . . . . . . . . . . . . . . . Drone Recoveries . | . . . . . . . . . . . . . . . . . . . . . . Exploration | -11 -10 -10 -9 -9 -8 -8 -8 -7 -7 -7 -7 -7 -5 -5 -5 -5 -5 -4 -4 -4 -4 ------------- Run | Yrd Mat Min Mat Min Mat Gar Mat Fac Was Fac Sto Rec Fac Ext Cet Arc Hub Fac Was Fac Arm Turns Passed 21687 | 63 898 864 1903 31 690 1484 1381 1384 437 823 1005 1903 1796 1364 596 1012 534 43 335 2191 950 Spaces Moved 12732 | 41 511 573 938 16 384 776 753 948 337 643 526 1269 1038 971 254 325 313 43 245 1585 243 Core 23 | 3 . . . . . . . . . . . . 6 . . . . . . . 14 Treads 1281 | . . . . . . . . . . . . . 22 644 184 124 307 . . . . Legs 1687 | . . . . . . . . . . . . . 306 . . 29 6 43 245 894 164 Wheels 7801 | 38 511 573 938 16 384 776 753 948 337 643 526 1232 126 . . . . . . . . Hover 1069 | . . . . . . . . . . . . . 257 327 70 172 . . . 243 . Flight 871 | . . . . . . . . . . . . 37 321 . . . . . . 448 65 Fastest Speed 50 | 50 80 95 145 130 116 131 113 95 98 98 98 98 59 67 67 110 87 87 87 69 50 Average Speed 111 | 77 93 130 146 155 128 131 129 103 108 99 98 118 114 71 121 133 109 87 87 93 136 Slowest Speed 1050 | 80 95 145 210 180 150 131 150 125 113 113 120 135 1050 172 151 215 110 87 87 220 279 Overloaded Moves 133 | . . . . . . . . . . . . . 133 . . . . . . . . Propulsion Burnouts . | . . . . . . . . . . . . . . . . . . . . . . Robots Hopped 15 | . . . . . . . . . . . . . 13 . . . . . . 2 . Potential Cave-ins . | . . . . . . . . . . . . . . . . . . . . . . Cave-ins Triggered . | . . . . . . . . . . . . . . . . . . . . . . Exploration Rate (%) 56 | 3 79 90 90 12 33 92 67 25 95 25 78 99 26 86 70 85 30 2 81 42 23 Regions Visited 21 Branch Regions 9 Pre-discovered Areas 14 | . 1 2 2 . . . . . . . . 9 . . . . . . . . . Known Exits Taken 10 | . . 1 1 1 1 . . . . 1 1 . 1 1 . . 1 . . 1 . Unknown Exits Taken 6 | 1 1 . . . . . 1 . . . . 1 . . 1 1 . . . . . Scrap Searched 1 | . . 1 . . . . . . . . . . . . . . . . . . . Spaces Dug 107 | . . . 13 . 4 . . 7 . 1 . . 12 . . . 1 . 3 66 . Terrain Destroyed 975 | . 1 . 80 6 36 17 17 47 . 19 68 . 190 7 40 15 42 . 10 261 119 Melee 18 | . . . . . . . . 7 . . . . 11 . . . . . . . . Projectile 315 | . 1 . 3 . 8 . . 1 . 16 36 . 16 7 40 15 11 . 10 79 72 AOE 642 | . . . 77 6 28 17 17 39 . 3 32 . 163 . . . 31 . . 182 47 Terrain Rammed . | . . . . . . . . . . . . . . . . . . . . . . Walls Destroyed . | . . . . . . . . . . . . . . . . . . . . . . Machines Disabled . | . . . . . . . . . . . . . . . . . . . . . . Actions | -11 -10 -10 -9 -9 -8 -8 -8 -7 -7 -7 -7 -7 -5 -5 -5 -5 -5 -4 -4 -4 -4 --------- Run | Yrd Mat Min Mat Min Mat Gar Mat Fac Was Fac Sto Rec Fac Ext Cet Arc Hub Fac Was Fac Arm Total 18230 | 62 840 631 1240 19 503 1068 990 1229 407 781 831 1617 1438 1531 486 868 432 50 317 2137 753 Wait 2870 | 12 253 18 60 . 33 63 61 104 51 97 136 260 183 332 132 471 31 1 4 275 293 Move 12684 | 40 510 572 937 15 384 775 752 948 336 642 525 1268 1011 970 253 324 312 43 244 1580 243 Hop 15 | . . . . . . . . . . . . . 13 . . . . . . 2 . Pick Up 223 | . 18 7 30 . 17 15 14 32 1 . 8 7 11 10 10 7 3 . 6 16 11 Fast Attach 157 | 7 2 . 12 . 8 2 19 7 3 8 19 9 12 6 5 6 3 1 1 16 11 Attach 97 | . . 3 13 1 7 2 13 8 . . 4 1 16 1 3 2 1 2 1 10 9 Detach 42 | . 2 . 1 . 1 . 6 1 . . 3 2 11 . 2 2 . 2 . 7 2 Swap 149 | . 1 1 24 1 5 14 8 27 4 3 12 4 7 3 6 2 5 . . 14 8 Drop 274 | . 8 . 36 . 11 19 22 29 5 9 20 22 13 8 13 12 5 1 6 25 10 Fire 1245 | 3 46 30 123 2 36 83 79 50 . 22 104 20 108 39 62 42 72 . 55 165 104 Melee 166 | . . . . . . 8 16 23 7 . . 24 44 39 . . . . . . 5 Ram . | . . . . . . . . . . . . . . . . . . . . . . Kick 27 | . . . . . . . . . . . . . . . . . . . . 27 . Crush . | . . . . . . . . . . . . . . . . . . . . . . Escape Stasis 79 | . . . . . . 24 . . . . . . 9 1 . . . . . . 45 Rewire 197 | . . . . . . 63 . . . . . . . 122 . . . . . . 12 Trap 5 | . . . 4 . 1 . . . . . . . . . . . . . . . . Miscellaneous . | . . . . . . . . . . . . . . . . . . . . . . Route ------- -11/Scrapyard -10/Materials (discovered 5 exits: *Mat x3 / [*Min] / Sub) -10/Mines (discovered 2 exits: *Mat x2) -9/Materials (discovered 5 exits: *Mat x3 / *Min x2) -9/Mines -8/Materials -8/Garrison (discovered 3 exits: *Mat x3) -8/Materials (discovered 2 exits: *Fac x2) -7/Factory (discovered 6 exits: *Fac x2 / Sto x2 / Low x2) -7/Waste -7/Factory -7/Storage -7/Recycling -5/Factory (discovered 5 exits: Fac / *Upp x2 / *Ext x2) -5/Extension (discovered 2 exits: *Fac / *Cet) -5/Cetus (discovered 2 exits: *Fac / [*Arc]) -5/Archives (discovered 3 exits: *Fac / *Hub x2) -5/Hub_04(d) (discovered 2 exits: *Fac x2) -4/Factory -4/Waste -4/Factory (discovered 5 exits: *Res x2 / *Upp x2 / *Arm) -4/Armory History --------- Turn | Location | Event 2 | -11/Scrapyard | Met Revision 17 22 | -11/Scrapyard | Discovered new exit (range 13) 64 | -11/Scrapyard | Entered Materials 311 | -10/Materials | Build established: Mutant 379 | -10/Materials | Discovered new exit (range 6) 490 | -10/Materials | Discovered new exit (range 7) 590 | -10/Materials | Discovered new exit (range 12) 707 | -10/Materials | Learned Storage emergency access door positions 810 | -10/Materials | Learned Storage trap positions 870 | -10/Materials | Learned 4 Subcaves zone layouts 887 | -10/Materials | Identified exit to Materials 887 | -10/Materials | Identified exit to Subcaves 950 | -10/Materials | Learned location of 2 exits from Materials 962 | -10/Materials | Entered Mines 978 | -10/Mines | Learned location of Zion (-6) 1023 | -10/Mines | Excavation squad dispatched 1023 | -10/Mines | A large section of the Mines collapsed 1243 | -10/Mines | Found a hidden stash of uninstalled traps 1457 | -10/Mines | Discovered exit to Materials (range 15) 1619 | -10/Mines | Learned location of Storage (-7) 1765 | -10/Mines | Joined a pair of Derelicts in attacking an 0b10 outpost 1826 | -10/Mines | Entered Materials 1826 | -9/Materials | Evolved 2 slots: Utility x1, Weapon x1 1827 | -9/Materials | Identified exit to Materials 1827 | -9/Materials | Identified exit to Mines 2130 | -9/Materials | Build established: Tank 2234 | -9/Materials | Destroyed 7 combat bots 2398 | -9/Materials | Repaired Lgt. Armor Plating? 2626 | -9/Materials | First assault squad dispatched 2723 | -9/Materials | Learned 4 Recycling zone layouts 2751 | -9/Materials | Learned location of Mines (-8) 2768 | -9/Materials | Learned Storage terminal intel 2774 | -9/Materials | Learned Storage trap positions 2791 | -9/Materials | Loaded intel: 12 trap records 3603 | -9/Materials | Lost 3 parts (1n1u1w) 3729 | -9/Materials | Entered Mines 3730 | -9/Mines | Assembled infested the area 3735 | -9/Mines | Assisted by a Guerilla fighting off Assembled 3746 | -9/Mines | Core integrity fell below 50% 3747 | -9/Mines | Discovered exit to Materials (range 7) 3755 | -9/Mines | Core integrity fell below 20% 3760 | -9/Mines | Entered Materials 3760 | -8/Materials | Evolved 2 slots: Propulsion x1, Utility x1 3782 | -8/Materials | Lost 7 parts (1p1n2u3w) 4418 | -8/Materials | Garrison activated, responded to threat 4450 | -8/Materials | Identified exit to Garrison 4450 | -8/Materials | Entered Garrison 4490 | -8/Garrison | Triggered checkpoint 4531 | -8/Garrison | Garrison Relay disabled 4596 | -8/Garrison | Triggered checkpoint 4614 | -8/Garrison | Triggered checkpoint 4718 | -8/Garrison | Triggered checkpoint 4728 | -8/Garrison | Garrison Relay disabled 4757 | -8/Garrison | Discovered new exit (range 8) 4772 | -8/Garrison | Installed Relay Interface Framework 4976 | -8/Garrison | Discovered new exit (range 34) 4976 | -8/Garrison | Discovered new exit (range 38) 4976 | -8/Garrison | Discovered new exit (range 85) 5032 | -8/Garrison | Triggered checkpoint 5040 | -8/Garrison | Garrison Relay disabled 5142 | -8/Garrison | Triggered checkpoint 5264 | -8/Garrison | Triggered checkpoint 5612 | -8/Garrison | Triggered checkpoint 5652 | -8/Garrison | Triggered checkpoint 5667 | -8/Garrison | Garrison Relay disabled 5934 | -8/Garrison | Entered Materials 5934 | -8/Materials | Accompanied by 5 allies 6166 | -8/Materials | Discovered new exit (range 12) 6172 | -8/Materials | Lost 3 allies 6478 | -8/Materials | Core integrity fell below 50% 6523 | -8/Materials | Core integrity fell below 20% 6537 | -8/Materials | Lost 9 parts (1p2n3u3w) 6734 | -8/Materials | First assault squad dispatched 6800 | -8/Materials | Discovered new exit (range 16) 6900 | -8/Materials | Repaired Corrupted Arm. Huge Wheel 7087 | -8/Materials | Build established: Scavenger-Tank 7315 | -8/Materials | Entered Factory 7315 | -7/Factory | Evolved 2 slots: Propulsion x2 7645 | -7/Factory | Build established: Skirmisher 7782 | -7/Factory | Discovered new exit (range 10) 7791 | -7/Factory | Identified exit to Factory 7929 | -7/Factory | Discovered exit to Factory (range 14) 8005 | -7/Factory | Identified exit to Storage 8005 | -7/Factory | Identified exit to Lower Caves 8103 | -7/Factory | Build established: Mutant 8314 | -7/Factory | Garrison activated, responded to threat 8508 | -7/Factory | Cargo convoy interrupted 8558 | -7/Factory | Destroyed 9 combat bots 8566 | -7/Factory | Lost 5 parts (2n1u2w) 8579 | -7/Factory | Found Corrupted Prototype Hackware 8593 | -7/Factory | Found Corrupted Prototype Hackware 8699 | -7/Factory | Sucked down chute 8699 | -7/Factory | Entered Waste 8733 | -7/Waste | Spotted C-40 Crusher 8750 | -7/Waste | Spotted C-40 Crusher 8753 | -7/Waste | Spotted C-40 Crusher 8755 | -7/Waste | Spotted C-40 Crusher 8781 | -7/Waste | Spotted C-40 Crusher 8788 | -7/Waste | Spotted C-40 Crusher 8834 | -7/Waste | Discovered new exit (range 16) 8862 | -7/Waste | Warlord forces began an assault 8867 | -7/Waste | Allies destroyed C-40 Crusher 8992 | -7/Waste | Allies destroyed C-40 Crusher 9112 | -7/Waste | Identified exit to Factory 9136 | -7/Waste | Entered Factory 9136 | -7/Factory | Accompanied by 19 allies 9248 | -7/Factory | Lost 4 allies 9264 | -7/Factory | Identified Exp. Hacking Suite 9264 | -7/Factory | Identified Exp. System Shield 9536 | -7/Factory | First assault squad dispatched 9552 | -7/Factory | Fabricated H-55 Commando? 9632 | -7/Factory | Build established: Skirmisher 9716 | -7/Factory | Lost 4 allies 9889 | -7/Factory | Discovered exit to Storage (range 16) 9959 | -7/Factory | Entered Storage 9959 | -7/Storage | Accompanied by 7 allies 9960 | -7/Storage | Loaded intel: 18 trap records 9962 | -7/Storage | Loaded intel: 14 terminal locations 10039 | -7/Storage | Identified exit to Recycling 10061 | -7/Storage | Lost 4 allies 10079 | -7/Storage | Found Prototype Launcher 10079 | -7/Storage | Identified Rocket Array 10178 | -7/Storage | Repaired Corrupted Arm. Huge Wheel+ 10252 | -7/Storage | Core integrity fell below 50% 10586 | -7/Storage | Build established: Scavenger-Tank 10662 | -7/Storage | Met a pair of Derelict thieves 10714 | -7/Storage | Assisted by bots powering up and referring to "LRC-V3" 10759 | -7/Storage | First assault squad dispatched 10784 | -7/Storage | Lost 10 allies 10786 | -7/Storage | Destroyed 9 combat bots 10944 | -7/Storage | Destroyed 11 combat bots 10960 | -7/Storage | Used back door to open Recycling access 10964 | -7/Storage | Entered Recycling 11057 | -7/Recycling | Core integrity fell below 20% 11124 | -7/Recycling | Lost 4 parts (2n1u1w) 11378 | -7/Recycling | Build established: Mutant 11655 | -7/Recycling | Discovered new exit (range 15) 11707 | -7/Recycling | Identified exit to Scraptown 11750 | -7/Recycling | Scanned before Scraplab entrance 11758 | -7/Recycling | Angered Scraplab inhabitants 11774 | -7/Recycling | Learned 2 Extension zone layouts 11830 | -7/Recycling | Learned location of Extension (-5) 11878 | -7/Recycling | Learned location of 1 exit from Hub_04(d) 11925 | -7/Recycling | Lost 3 parts (1p1n1w) 11941 | -7/Recycling | Learned 4 Factory zone layouts 11973 | -7/Recycling | Found Prototype Device 11973 | -7/Recycling | Identified Scrap Engine 12867 | -7/Recycling | Entered Factory 12867 | -5/Factory | Evolved 4 slots: Power x1, Utility x2, Weapon x1 12868 | -5/Factory | Identified exit to Extension 12868 | -5/Factory | Identified exit to Factory 13077 | -5/Factory | Identified exit to Upper Caves 13167 | -5/Factory | Search patrols dispatched 13298 | -5/Factory | Build established: Construct 13655 | -5/Factory | Lost 3 parts (2u1w) 13735 | -5/Factory | System corruption reached 10% 13767 | -5/Factory | First assault squad dispatched 14021 | -5/Factory | Build established: Mutant 14353 | -5/Factory | Build established: Construct 14663 | -5/Factory | Entered Extension 14761 | -5/Extension | Build established: Mutant 14764 | -5/Extension | Core integrity fell below 50% 14900 | -5/Extension | Rescued a captive Derelict 15122 | -5/Extension | Rescued A7 15124 | -5/Extension | Build established: Construct 15139 | -5/Extension | Rescued a captive Derelict 15233 | -5/Extension | Rescued a captive Derelict 15234 | -5/Extension | Rescued a captive Derelict 15527 | -5/Extension | Spotted B-75 Beast 15545 | -5/Extension | Allies destroyed B-75 Beast 15551 | -5/Extension | Spotted B-75 Beast 15571 | -5/Extension | Destroyed B-75 Beast 15630 | -5/Extension | Rescued a captive Derelict 15634 | -5/Extension | Rescued a captive Derelict 15832 | -5/Extension | Rescued a captive Derelict 15863 | -5/Extension | First assault squad dispatched 15945 | -5/Extension | Build established: Commander-Construct 15947 | -5/Extension | Discovered exit to Factory (range 10) 15948 | -5/Extension | Discovered new exit (range 6) 15952 | -5/Extension | Identified exit to Cetus 16027 | -5/Extension | Entered Cetus 16027 | -5/Cetus | Accompanied by 16 allies (A7) 16032 | -5/Cetus | Acquired a Cetus Manufacturing Module code from A7 16037 | -5/Cetus | Spotted Cetus Guard 16037 | -5/Cetus | Spotted Cetus Guard 16042 | -5/Cetus | Spotted Cetus Guard 16047 | -5/Cetus | Spotted Cetus Guard 16052 | -5/Cetus | Allies destroyed Cetus Guard 16063 | -5/Cetus | Allies destroyed Cetus Guard 16072 | -5/Cetus | Destroyed Cetus Guard 16074 | -5/Cetus | Destroyed Cetus Guard 16104 | -5/Cetus | Lost 8 allies 16144 | -5/Cetus | Started Cetus Manufacturing Module 16157 | -5/Cetus | Escorted A7 to Cetus Mainframe 16169 | -5/Cetus | Manufactured an Enhanced Grunt 16177 | -5/Cetus | Discovered new exit (range 16) 16194 | -5/Cetus | Manufactured an Enhanced Grunt 16219 | -5/Cetus | Manufactured an Enhanced Grunt 16219 | -5/Cetus | Spotted Cetus Guard 16219 | -5/Cetus | Spotted Cetus Guard 16224 | -5/Cetus | Spotted Cetus Guard 16229 | -5/Cetus | Allies destroyed Cetus Guard 16234 | -5/Cetus | Spotted Cetus Guard 16242 | -5/Cetus | Allies destroyed Cetus Guard 16244 | -5/Cetus | Manufactured an Enhanced Grunt 16249 | -5/Cetus | Allies destroyed Cetus Guard 16253 | -5/Cetus | Allies destroyed Cetus Guard 16256 | -5/Cetus | Found Prototype Device 16256 | -5/Cetus | Identified Exp. Thermal Shield 16266 | -5/Cetus | Discovered exit to Factory (range 15) 16269 | -5/Cetus | Manufactured an Enhanced Grunt 16274 | -5/Cetus | Met Revision 17 16276 | -5/Cetus | Lost 5 allies 16598 | -5/Cetus | Murdered A7 16603 | -5/Cetus | Extracted ID and sensor layout for unrecognized location from A7's data core 16623 | -5/Cetus | Entered Archives 16623 | -5/Archives | Accompanied by 7 allies 16694 | -5/Archives | Discovered exit to Factory (range 15) 16729 | -5/Archives | Discovered new exit (range 16) 16795 | -5/Archives | Discovered new exit (range 14) 17635 | -5/Archives | Entered Hub_04(d) 17635 | -5/Hub_04(d) | Accompanied by 4 allies 17727 | -5/Hub_04(d) | Garrison activated, responded to threat 17737 | -5/Hub_04(d) | Spotted B-75 Beast 17762 | -5/Hub_04(d) | Allies destroyed B-75 Beast 17782 | -5/Hub_04(d) | Identified exit to Garrison 17821 | -5/Hub_04(d) | Discovered exit to Factory (range 11) 17898 | -5/Hub_04(d) | Network Hub disabled 18121 | -5/Hub_04(d) | Spotted Lightning 18123 | -5/Hub_04(d) | Spotted Lightning 18153 | -5/Hub_04(d) | Core integrity fell below 20% 18168 | -5/Hub_04(d) | Lost 3 parts (1p1u1w) 18169 | -5/Hub_04(d) | Entered Factory 18169 | -4/Factory | Evolved 2 slots: Utility x2 18186 | -4/Factory | Found Prototype Processor 18186 | -4/Factory | Identified Exp. Melee Analysis Suite 18212 | -4/Factory | Sucked down chute 18212 | -4/Factory | Entered Waste 18226 | -4/Waste | Spotted C-40 Crusher 18226 | -4/Waste | Spotted C-40 Crusher 18227 | -4/Waste | EMP discharged 18260 | -4/Waste | Destroyed C-40 Crusher 18272 | -4/Waste | Destroyed C-40 Crusher 18276 | -4/Waste | Spotted C-40 Crusher 18279 | -4/Waste | Found Unknown Protection 18279 | -4/Waste | Identified Damper Plating 18298 | -4/Waste | Spotted C-40 Crusher 18320 | -4/Waste | Spotted C-40 Crusher 18320 | -4/Waste | Spotted C-40 Crusher 18327 | -4/Waste | EMP discharged 18357 | -4/Waste | Destroyed C-40 Crusher 18379 | -4/Waste | Destroyed C-40 Crusher 18427 | -4/Waste | EMP discharged 18527 | -4/Waste | EMP discharged 18535 | -4/Waste | Discovered new exit (range 13) 18547 | -4/Waste | Entered Factory 18554 | -4/Factory | Build established: Construct 18764 | -4/Factory | System corruption reached 10% 18872 | -4/Factory | Found Exp. Hacking Suite 19121 | -4/Factory | Destroyed 7 combat bots 19262 | -4/Factory | Found Prototype Processor 19262 | -4/Factory | Identified Exp. Melee Analysis Suite 19297 | -4/Factory | First assault squad dispatched 19558 | -4/Factory | Fabricated Enh. Quantum Rifle? 19636 | -4/Factory | Identified exit to Upper Caves 19636 | -4/Factory | Identified exit to Armory 19703 | -4/Factory | Garrison activated, responded to threat 19843 | -4/Factory | Discovered new exit (range 6) 19849 | -4/Factory | Identified exit to Research 20433 | -4/Factory | Discovered exit to Research (range 15) 20692 | -4/Factory | Found Unknown Device 20692 | -4/Factory | Identified Quantum Capacitor 20703 | -4/Factory | Found Quantum Capacitor 20738 | -4/Factory | Entered Armory 20988 | -4/Armory | First assault squad dispatched 21342 | -4/Armory | Destroyed 8 combat bots 21343 | -4/Armory | Lost 5 parts (1p1n2u1w) 21478 | -4/Armory | Lost 5 parts (1p3u1w) 21596 | -4/Armory | Core integrity fell below 50% 21677 | -4/Armory | Core integrity fell below 20% 21688 | -4/Armory | Destroyed by X-77 Beamer with Gatling Laser Last Messages --------------- Beamer. 21673_ Myomer-FC Exoskeleton destroyed. 21674_ Core Analyzer destroyed. 21675_ Power Sword follow-up attack on X-77 Beamer. 21676_ Flexi-carbon Leg destroyed. 21676_ Hcp. Storage Unit destroyed. 21678_ Dropped Huge Storage Unit. 21679_ Dropped Power Sword. 21680_ Acquired Cmb. Linear Gravjet. 21683_ TYW38>Trojan(Disrupt) Trojan loaded successfully. Testing... Disruption routine running. 21687_ M-36 Artificer fits Backup Propulsion VII on P-70 Sage. Map ----- +----------------------------------------------------+ | ?????????????????????????????????????????????????? | | ?????????????????????????????????????????????????? | | ?????????????????????????????????????????????????? | | ?????????????????????????????????????????????????? | | ?????????????????????????????????????????????????? | | ?????????????????????????????????????????????????? | | ?????????????????????????????????????????????????? | | ?????????????????????????????????????????????????? | | ?????????????????????????????????????????????????? | | ?????????????????????????????????????????????????? | | ?????????????????????????????????????????????????? | | ?????????????????????????????????????????????????? | | ?????????????????????????????????????????????????? | | ?????????????????????????????????????#?"?????#???? | | ?????????????????????????????????????# """"" #???? | | ??????????????????????????????######## ????? | | ???????????????#####+##########;;;;;;;#"!=!####### | | ??????????????? =[*! !%!= | | ????????????????? H ^ !%=%= *!= | | ??????????????????? "" !* [[ [ | | ?????????????????? "T !* | | ????????????????????????# "" * #####""###"### | | ????????????????????????# # # | | ????????????????????????# # " """ | | ????????????????????????# x ===/" "" | | ????????????????????????#@ #*==!![!! "" | | ????????????????????????# x#| ===!!% | | ???????????????????????+ +!==]=%%[! "" | | ???????????????????????###+#+###+#### ==!%=!=% "" | | ????????????????????????????????????# == !=/! " | | ????????????????????????????????????# # | | ????????????????????????????????????# #"###"## | | ????????????????????????????????????# # #??# # | | ????????????????????????????????????# ###???# | | ????????????????????????????????????#######??????# | | ?????????????????????????????????????????????????? | | ?????????????????????????????????????????????????? | | ?????????????????????????????????????????????????? | | ?????????????????????????????????????????????????? | | ?????????????????????????????????????????????????? | | ?????????????????????????????????????????????????? | | ?????????????????????????????????????????????????? | | ?????????????????????????????????????????????????? | | ?????????????????????????????????????????????????? | | ?????????????????????????????????????????????????? | | ?????????????????????????????????????????????????? | | ?????????????????????????????????????????????????? | | ?????????????????????????????????????????????????? | | ?????????????????????????????????????????????????? | | | +----------------------------------------------------+ Best States ------------- Heat Dissipation 81 Coolant Potential 100 Energy Generation 49 Energy Capacity 800 Matter Stores 300 Matter Capacity 300 Sight Range 16 Robot Scan Range 16 Terrain Scan Range 24 Terrain Scan Density 10 Corruption Containment 8 Armor Coverage 1600 Resistance: TH 30 Resistance: EM 90 Phase Shifting 15 Evasion (%) 70 Targeting Accuracy 8 Core Analysis 6 Recoil Reduction 4 Energy Filtering 50 Kinecelleration 40 Offensive Hacking 24 Relay Coupler Types 1 Relay Coupler Value 40 Item Schematics ----------------- ECM Suite | -10/Materials | Hacked Multireflex Exoskeleton | -7/Factory | Scanalyzed Exp. Hacking Suite | -7/Factory | Scanalyzed Arm. Huge Wheel | -7/Factory | Scanalyzed Core Analyzer | -7/Recycling | Hacked Adv. Heavy Treads | -4/Factory | Hacked Hyp. Mass Driver | -4/Factory | Hacked Cmb. Linear Gravjet | -4/Factory | Scanalyzed Robot Schematics ------------------ M-13 Machinist | -10/Materials | Hacked Fabricated ------------ H-55 Commando | x2 | -7/Factory | Preloaded Enh. Quantum Rifle | x2 | -4/Factory | Preloaded Repaired ---------- Lgt. Armor Plating | 47% | -9/Materials Arm. Huge Wheel | 83% | -8/Materials | Corrupted Arm. Huge Wheel | 94% | -7/Storage | Corrupted Studied --------- Wheel | -8/Materials | Hacked Arm. Huge Wheel | -7/Factory | Hacked Alien Tech Used ----------------- None Achievements -------------- Taming Of The Crushers Challenges ------------ None Game ------ Seed SurgeMultireflexMask Manual? 0 Play Time 04:39:03 Cumulative 494.2 hours Start 2026.01.28 @ 00:41:46 End 2026.01.29 @ 20:09:45 Sessions 9 Manual Loads 0 Difficulty Rogue Special Mode None Game No. 169 Rogue 169 Adventurer 0 Explorer 0 Win Type - Total 15 Types 7/0/4/1/0/0/0/1/0/2 Lore% 90 Gallery% 85 Achievement% 73 Wizard Run 0 Options --------- Layout 1 ASCII 0 Keyboard 0 Movement Mouse Keybinds 0 Fullscreen 2 Font 32/SmallcapsGlow Map View 50x35 Zoom Use 0% Tactical HUD 1 Map Filters NONE Filters NONE Steam 1 RUN: 47242364-3a4e-4353-b5c0-6e90b97664e7